 Dungeon Crawl Stone Soup version 0.23.2-1-ga50397a (webtiles) character file.

Game seed: 3173796135805493776

5261 sankara the Quickloader (level 10, -2/81 HPs)
             Began as a Minotaur Hunter on May 27, 2019.
             Was an Elder of Okawaru.
             Slain by an orc warrior
             ... wielding a cursed -1 halberd
              (19 damage)
             ... on level 9 of the Dungeon.
             The game lasted 00:36:43 (9158 turns).

sankara the Quickloader (Minotaur Hunter)           Turns: 9158, Time: 00:36:45

Health: -2/81      AC: 17    Str: 19    XL:     10   Next: 36%
Magic:  11/13      EV: 12    Int:  8    God:    Okawaru [****..]
Gold:   404        SH:  0    Dex: 12    Spells: 9/9 levels left

rFire    . . .     SeeInvis .   b - +2 battleaxe
rCold    . . .     Gourm    .   (shield currently unavailable)
rNeg     + . .     Faith    +   g - +0 chain mail
rPois    .         Spirit   .   (helmet restricted)
rElec    .         Reflect  .   j - scarf {repulsion}
rCorr    .         Harm     .   D - +0 pair of gloves
MR       +....                  c - +1 pair of boots
Stlth    ..........             h - amulet of faith {Faith, !P}
HPRegen  0.23/turn              r - ring of protection from magic {MR+, !d}
MPRegen  0.13/turn              z - ring of positive energy {rN+}

@: heroism, lightly drained, repel missiles
A: retaliatory headbutt, horns 2
a: Heroism, Renounce Religion


You were on level 9 of the Dungeon.
You worshipped Okawaru.
Okawaru was greatly pleased with you.
You were very hungry.

You visited 2 branches of the dungeon, and saw 10 of its levels.

You collected 404 gold pieces.

Inventory:

Hand Weapons
 a - a +1 hand crossbow
 b - a +2 battleaxe (weapon)
   (You took it off a wight on level 8 of the Dungeon)
 e - a +0 hand axe
   (You found it on level 1 of the Dungeon)
 B - a +0 mace of draining
   (You took it off an orc on level 4 of the Dungeon)
 C - the cursed +1 dagger "Kegank Nihi" {elec, Fragile rF+ rC+ Stlth+}
   (You found it on level 5 of the Dungeon)

   Occasionally, upon striking a foe, it will discharge some electrical energy
   and cause terrible harm.
   It protects you from fire.
   It protects you from cold.
   It will be destroyed if unequipped.
   It makes you more stealthy.
   It has a curse placed upon it.
 J - a +0 battleaxe
   (You found it on level 9 of the Dungeon)
 K - a +2 shortbow of velocity
   (You took it off a centaur on level 8 of the Dungeon)
Missiles
 d - 76 bolts
 i - 131 arrows
 n - 89 stones (quivered)
 q - 6 tomahawks
 M - 3 javelins
Armour
 c - a +1 pair of boots (worn)
   (You found it on level 5 of the Dungeon)
 g - a +0 chain mail (worn)
   (You took it off Terence on level 2 of the Dungeon)
 j - a scarf of repulsion (worn)
   (You found it on level 1 of the Dungeon)
 D - a +0 pair of gloves (worn)
   (You found it on level 5 of the Dungeon)
Jewellery
 h - an amulet of faith (around neck) {Faith, !P}
   (You found it on level 1 of the Dungeon)
 r - a ring of protection from magic (left hand) {MR+, !d}
   (You found it on level 5 of the Dungeon)
 z - a ring of positive energy (right hand) {rN+}
   (You found it on level 6 of the Dungeon)
 F - an uncursed amulet of rage {unknown}
   (You found it on level 6 of the Dungeon)
Wands
 t - a wand of enslavement (11)
   (You found it on level 6 of the Dungeon)
 w - a wand of polymorph (7)
   (You took it off Natasha on level 3 of the Dungeon)
 L - a wand of acid (10)
   (You found it on level 8 of the Dungeon)
 O - a wand of iceblast (5)
   (You found it on level 9 of the Dungeon)
Scrolls
 l - 10 scrolls of teleportation
 m - a scroll of blinking {!r}
 o - a scroll of silence {unknown}
 v - 2 scrolls of fear {unknown}
 y - 3 scrolls of remove curse
 G - a scroll of enchant weapon {unknown}
 H - a scroll of magic mapping {unknown}
 I - a scroll of summoning {unknown}
Potions
 k - 2 potions of curing
 p - 3 potions of mutation {unknown}
 s - a potion of berserk rage {unknown}
 u - a potion of flight {unknown}
 x - 2 potions of might
 A - a potion of ambrosia {unknown}
 E - a potion of magic
Comestibles
 f - 14 rations
 N - 6 chunks of flesh {@w0}


   Skills:
 - Level 5.1(9.9) Fighting
 + Level 9.4(14.3) Axes
 + Level 9.9(14.7) Crossbows
 + Level 8.4(13.2) Armour
 + Level 4.6(9.4) Dodging
 - Level 0.7(5.6) Stealth
 + Level 5.4(5.3) Invocations


You had 9 spell levels left.
You didn't know any spells.
Your spell library was empty.

Dungeon Overview and Level Annotations

Branches:
Dungeon (9/15)             Temple (1/1) D:4             Orc (0/2) D:9
   Lair: D:8-11

Altars:
Ashenzari
Cheibriados
Dithmenos
Elyvilon
Fedhas
Gozag
Hepliaklqana
Kikubaaqudgha
Makhleb
Nemelex Xobeh
Okawaru
Qazlal
Ru
Sif Muna
Trog
Uskayaw
Vehumet
Wu Jian
Xom
Yredelemnul
Zin
The Shining One

Shops:
D:5 (


Innate Abilities, Weirdness & Mutations

You reflexively headbutt those who attack you in melee.
You have a pair of horns on your head.


Message History

You miss the killer bee. x2; You slice the howler monkey!!
You kill the howler monkey!
Okawaru accepts your kill.
You slash the wyvern!
You kill the wyvern!
Okawaru accepts your kill.
You closely miss something.
The killer bee stings you but does no damage.
The killer bee misses you. The killer bee closely misses you.
The wight hits you from afar with a +0 spear.
You partially resist.
You feel drained. Something hits you. Something shocks you.
The hungry ghost hits you.
You feel somewhat more hungry. The killer bee closely misses you.
You miss the hungry ghost.
The hungry ghost is almost destroyed.
You closely miss the killer bee. You miss the killer bee.
You barely miss the orc. You closely miss something.
You feel sick. The killer bee barely misses you.
The wight hits you but does no damage. The killer bee closely misses you.
Something hits you but does no damage. The hungry ghost misses you.
The killer bee stings you but does no damage.
The orc barely misses you. You furiously retaliate!
You headbutt the orc. The killer bee misses you.
You miss the hungry ghost.
The hungry ghost is almost destroyed.
You miss the killer bee.
You barely miss the killer bee. x2; You hit the orc.
You kill the orc!
Okawaru accepts your kill.
You hit something but do no damage. The killer bee closely misses you.
The killer bee stings you but does no damage. x2
The wight hits you but does no damage. The killer bee barely misses you.
Something hits you but does no damage. The hungry ghost misses you.
The killer bee barely misses you. The killer bee completely misses you.
You furiously retaliate!
You headbutt the killer bee. You closely miss the hungry ghost.
The hungry ghost is almost destroyed.
You miss something. You slash the killer bee!
You kill the killer bee!
Okawaru accepts your kill.
You miss the killer bee. x2; You feel sick.
The killer bee misses you.
The killer bee stings you but does no damage.
The wight hits you but does no damage. The killer bee closely misses you.
Something hits you. Something shocks you. The hungry ghost closely misses you.
The killer bee barely misses you.
Eat one of 7 chunks of flesh {@w0}? (ye/n/q)
You eat one of the 7 chunks of flesh {@w0}.
This raw flesh tastes terrible.
You are feeling very hungry.
The killer bee stings you. The killer bee completely misses you.
The wight barely misses you. The killer bee barely misses you.
Something hits you but does no damage. The hungry ghost misses you.
You furiously retaliate!
You headbutt the hungry ghost!
You destroy the hungry ghost!
Okawaru accepts your kill.
Your life force feels restored.
The killer bee stings you.
* * * LOW HITPOINT WARNING * * *
An orc warrior comes into view. It is wielding a -1 halberd.
You feel sick.
The orc warrior shouts!
The killer bee stings you.
* * * LOW HITPOINT WARNING * * *
The wight hits you but does no damage.
The killer bee stings you but does no damage.
A sky beast appears from thin air!
Reactivating autopickup.
The sky beast closely misses you. The killer bee barely misses you.
You hit the sky beast.
The sky beast is heavily wounded.
You miss the killer bee. You closely miss the killer bee.
The killer bee stings you but does no damage. x2
The wight hits you but does no damage. The killer bee misses you.
You furiously retaliate!
You headbutt the killer bee.
The sky beast hits you but does no damage.
The killer bee stings you.
* * * LOW HITPOINT WARNING * * *
You closely miss the killer bee. Your headbutt misses the killer bee.
The killer bee is lightly wounded.
You slash the hippogriff! You slash the sky beast!
You kill the sky beast!
Okawaru accepts your kill.
You closely miss the killer bee. The killer bee barely misses you.
You furiously retaliate!
You headbutt the killer bee. The killer bee misses you.
The hippogriff bites you but does no damage.
The hippogriff completely misses you. The hippogriff barely misses you.
The wight misses you.
The killer bee stings you but does no damage.
The killer bee stings you.
* * * LOW HITPOINT WARNING * * *
The orc warrior hits you but does no damage.
It was a potion of curing.
You feel better.
The killer bee stings you but does no damage. x2
The hippogriff barely misses you. x2
The hippogriff claws you but does no damage.
The wight hits you from afar with a +0 spear.
* * * LOW HITPOINT WARNING * * *
You partially resist.
You feel drained. The killer bee closely misses you. x2
The orc warrior hits you from afar with a cursed -1 halberd!!
You die...

..#.#..##(#.#..#.#.....#
.......))....(..........
.......##[#.##.####.##..
.....(..(.......# #.##..
........÷......=. ......
..###...................
.....(o...#.###.##..#.#.
...##.....#.# ....... .
....(..@....#### #. #. #
......Hyy....... . ..
..(##.z.†.......
............####
#.#.....$.... ..
#.....#..### .
.......#.$# #.#.........
#.#..##.#..##


You could see a hippogriff, an orc warrior, 2 killer bees and a wight.

Vanquished Creatures
  A troll (D:9)
  Sigmund (D:3)
  2 wyverns
  A human (D:7)
  A yak (D:7)
  3 hungry ghosts
  3 hogs (D:7)
  A steam dragon (D:7)
  A necrophage (D:8)
  An orc warrior (D:9)
  2 sky beasts
  2 ogres (D:9)
  2 phantoms
  5 centaurs
  7 bullfrogs
  A scorpion (D:9)
  7 killer bees
  5 wights
  3 howler monkeys
  A crimson imp (D:8)
  A centaur zombie (D:7)
  A jelly (D:9)
  An orc priest (D:9)
  11 hounds
  5 orc wizards
  A bullfrog skeleton (D:8)
  Terence (D:2)
  2 worker ants (D:4)
  Natasha (thrice) (D:3)
  2 iguanas
  A hound skeleton (D:4)
  2 howler monkey skeletons
  12 adders
  8 gnolls
  2 shadow imps
  3 oozes
  A worm (D:2)
  7 dart slugs
  4 leopard geckos
  27 orcs
  A ball python (D:1)
  6 giant cockroaches
  7 goblins
  7 hobgoblins
  10 jackals
  5 quokkas
  4 bats
  3 frilled lizards
  A giant cockroach zombie (D:5)
  8 kobolds
  A leopard gecko zombie (D:7)
  7 rats
205 creatures vanquished.

Notes
Turn   | Place    | Note
-------+----------+-------------------------------------------
     0 | D:1      | sankara the Minotaur Hunter began the quest for the Orb.
     0 | D:1      | Reached XP level 1. HP: 18/18 MP: 0/0
    99 | D:1      | Reached skill level 1 in Axes
    99 | D:1      | Reached XP level 2. HP: 25/25 MP: 1/1
   394 | D:1      | Reached skill level 5 in Crossbows
   402 | D:1      | Reached skill level 2 in Axes
   420 | D:1      | Reached XP level 3. HP: 30/30 MP: 2/2
  1121 | D:2      | Reached XP level 4. HP: 32/37 MP: 3/3
  1123 | D:2      | Reached skill level 3 in Axes
  1575 | D:2      | Noticed Terence
  1582 | D:2      | Killed Terence
  1676 | D:3      | Reached XP level 5. HP: 42/42 MP: 4/4
  1684 | D:3      | Noticed Sigmund
  1820 | D:3      | Killed Sigmund
  1820 | D:3      | Reached skill level 4 in Axes
  1820 | D:3      | Reached skill level 6 in Crossbows
  1820 | D:3      | Reached skill level 2 in Armour
  1820 | D:3      | Reached XP level 6. HP: 42/50 MP: 5/5
  1914 | D:3      | Noticed Natasha
  1923 | D:3      | Killed Natasha
  1995 | D:3      | Found a sparkling altar of Nemelex Xobeh.
  2290 | D:3      | Noticed Natasha
  2292 | D:3      | Killed Natasha
  2292 | D:3      | Reached skill level 5 in Axes
  2292 | D:3      | Reached skill level 3 in Armour
  2393 | D:3      | Noticed Natasha
  2399 | D:3      | Killed Natasha
  2653 | D:4      | Reached XP level 7. HP: 37/56 MP: 6/6
  2672 | D:4      | Reached skill level 7 in Crossbows
  2712 | D:4      | Reached skill level 4 in Armour
  2899 | D:4      | Found a staircase to the Ecumenical Temple.
  2910 | Temple   | Entered the Ecumenical Temple
  2954 | Temple   | Became a worshipper of Warmaster Okawaru
  3167 | D:4      | Noticed a hungry ghost
  3207 | D:4      | Paralysed by fainting for 9 turns
  3218 | D:4      | Paralysed by fainting for 11 turns
  3234 | D:4      | Killed a hungry ghost
  3234 | D:4      | Reached skill level 6 in Axes
  3783 | D:5      | Entered Level 5 of the Dungeon
  3829 | D:5      | Got a polished dagger
  3925 | D:5      | Found Zeutz's Weapon Shoppe.
  3988 | D:5      | Found an opulent altar of Gozag.
  4051 | D:5      | Found a shadowy altar of Dithmenos.
  4085 | D:5      | Reached skill level 5 in Armour
  4270 | D:5      | Identified the cursed +1 dagger "Kegank Nihi" {elec,
                  | Fragile rF+ rC+ Stlth+} (You found it on level 5 of the
                  | Dungeon)
  4650 | D:6      | Reached XP level 8. HP: 56/62 MP: 7/7
  4959 | D:6      | Reached skill level 1 in Invocations
  5046 | D:6      | Reached skill level 3 in Fighting
  5444 | D:7      | Reached skill level 8 in Crossbows
  5463 | D:7      | Reached * piety under Okawaru
  5465 | D:7      | Reached skill level 7 in Axes
  5861 | D:7      | Reached skill level 6 in Armour
  5861 | D:7      | Reached skill level 2 in Invocations
  5955 | D:7      | Reached skill level 4 in Fighting
  6023 | D:7      | Reached ** piety under Okawaru
  6294 | D:7      | Reached skill level 3 in Invocations
  6294 | D:7      | Reached XP level 9. HP: 33/72 MP: 10/10
  6622 | D:7      | Found a sparkling altar of Nemelex Xobeh.
  6905 | D:7      | Reached skill level 5 in Fighting
  6905 | D:7      | Reached skill level 8 in Axes
  6912 | D:7      | Reached skill level 7 in Armour
  6917 | D:7      | HP: 18/74 [yak (12)]
  6922 | D:7      | HP: 3/74 [yak (6)]
  6923 | D:7      | Reached *** piety under Okawaru
  6923 | D:7      | Reached skill level 9 in Crossbows
  7277 | D:8      | Reached skill level 4 in Invocations
  7658 | D:8      | Reached skill level 3 in Dodging
  8378 | D:9      | Reached **** piety under Okawaru
  8471 | D:9      | Reached skill level 9 in Axes
  8471 | D:9      | Reached XP level 10. HP: 31/81 MP: 12/12
  8749 | D:9      | Found a staircase to the Orcish Mines.
  8915 | D:9      | Reached skill level 8 in Armour
  8915 | D:9      | Reached skill level 5 in Invocations
  8931 | D:9      | Reached skill level 4 in Dodging
  9155 | D:9      | HP: 20/81 [killer bee (1)]
  9158 | D:9      | Slain by an orc warrior

Skill      XL: |  1  2  3  4  5  6  7  8  9 10 |
---------------+-------------------------------+-----
Axes           | 1 2 3 4 5 6 7 9 |  9.4
Crossbows      | 5 6 7 8 9 |  9.9
Armour         | 2 3 5 6 7 8 |  8.4
Invocations    | 3 4 5 |  5.4
Fighting       | 4 5 |  5.1
Dodging        | 3 4 |  4.6
Stealth        | |  0.7

Action                   |  1- 3 |  4- 6 |  7- 9 | 10-12 || total
-------------------------+-------+-------+-------+-------++-------
Melee: Hand axe          |    60 |   127 |   385 |       ||   572
       Headbutt          |     8 |    17 |    65 |     5 ||    95
       Battleaxe         |       |       |    29 |    60 ||    89
 Fire: Hand crossbow     |    23 |    31 |    57 |    13 ||   124
Throw: Stone             |       |       |     5 |       ||     5
Invok: Heroism           |       |       |     3 |     1 ||     4
  Use: Scroll            |       |       |    11 |       ||    11
       Potion            |       |       |       |     1 ||     1
 Stab: Sleeping          |     1 |       |       |       ||     1
  Eat: Chunk             |     1 |     5 |    17 |     4 ||    27
       Ration            |       |       |     3 |     1 ||     4
Armor: Leather armour    |    20 |     3 |       |       ||    23
       Chain mail        |       |    49 |   310 |    95 ||   454
Dodge: Dodged            |    48 |    62 |   218 |    76 ||   404
       Deflected         |       |     4 |     7 |     1 ||    12

Levels and vault maps discovered:
D:1:      dpeg_arrival_more_subterranean_lakeside_camping, layout_basic,
          grunt_decor_arrowhead, minmay_crystal_room
D:2:      layout_loops_ring, first_ration, uniq_terence
D:3:      layout_loops_ring, nemelex_xobeh_ov_fountains_minmay, uniq_sigmund,
          uniq_natasha
D:4:      layout_layer_cave, minmay_temple_entry_slanted
D:5:      layout_loops_ring, serial_shops, nicolae_shop_waterfront, basic_altar,
          grunt_dithmenos_smoke_and_mirrors
D:6:      layout_layer_cave
D:7:      layout_basic, marbit_many_paths, grunt_livestock
D:8:      layout_gridville
D:9:      layout_basic, david_orc_2, ebering_ghost_rock_garden
Temple:   kilobyte_greek_temple

Table legend:
 A = Turns spent in this place as a percentage of turns spent in the entire game.
 B = Non-inter-level travel turns spent in this place as a percentage of non-inter-level travel turns spent in the entire game.
 C = Inter-level travel turns spent in this place as a percentage of turns spent in this place.
 D = Turns resting spent in this place as a percentage of non-inter-level travel turns spent in this place.
 E = Turns spent auto-exploring this place as a percentage of non-inter-level travel turns spent in this place.
 F = Non-inter-level travel turns spent in this place divided by the number of levels of this place that you've seen.
                   A       B       C       D       E      F
               +-------+-------+-------+-------+-------+----------------------
         Total | 100.0 | 100.0 |   4.8 |  25.0 |  52.7 | 871.6
       Dungeon |  98.3 |  98.4 |   4.8 |  25.5 |  52.1 | 952.6
        Temple |   1.7 |   1.6 |   7.1 |   0.0 |  90.9 | 143.0
               +-------+-------+-------+-------+-------+----------------------

Table legend:
 A = Kills in this place as a percentage of kills in entire the game.
 B = Kills by you in this place as a percentage of kills by you in the entire game.
 C = Kills by friends in this place as a percentage of kills by friends in the entire game.
 D = Other kills in this place as a percentage of other kills in the entire game.
 E = Experience gained in this place as a percentage of experience gained in the entire game.
 F = Experience gained in this place divided by the number of levels of this place that you have seen.
                   A       B       C       D       E      F
               +-------+-------+-------+-------+-------+----------------------
         Total | 100.0 | 100.0 |   N/A |   N/A | 100.0 | 751.6
       Dungeon | 100.0 | 100.0 |   N/A |   N/A | 100.0 | 835.1
               +-------+-------+-------+-------+-------+----------------------
